 Dungeon Crawl Stone Soup version 0.30.0-29-ga12c61a403 (webtiles) character file.

Game seed: 2048014269732342937

15840 McKennaii the Destroyer (level 11, -5/74 HPs)
             Began as a Demigod Conjurer on June 6, 2023.
             Slain by a skyshark (13 damage)
             ... on level 2 of the Lair of Beasts.
             The game lasted 00:20:25 (16040 turns).

McKennaii the Destroyer (Demigod Conjurer)         Turns: 16040, Time: 00:20:26

Health: -5/74      AC:  7    Str:  8    XL:     11   Next: 74%
Magic:  20/40      EV: 12    Int: 32    God:
Gold:   464        SH:  0    Dex: 14    Spells: 18/33 levels left

rFire   + . .        q - +5 long sword "Gusajaer" {elec, rC+ rCorr Dex+2}
rCold   + . .        (no shield)
rNeg    . . .        a - +0 steam dragon scales
rPois   .            (no helmet)
rElec   .            h - +0 cloak
rCorr   +            (no gloves)
SInv    .            y - +0 pair of boots {Stlth+}
Will    +....        n - amulet of regeneration
Stlth   +++          L - ring of magical power
HPRegen 1.12/turn    r - ring of protection from fire
MPRegen 0.27/turn

%: no passive effects
@: very slightly contaminated
A: high MP 1, forlorn, divine attributes
a: no special abilities


You were on level 2 of the Lair of Beasts.
You visited 2 branches of the dungeon, and saw 13 of its levels.

You collected 756 gold pieces.
You spent 292 gold pieces at shops.

Inventory:

Hand Weapons
 q - the +5 long sword "Gusajaer" (weapon) {elec, rC+ rCorr Dex+2}
   (You found it on level 3 of the Dungeon)

   Dex:       It affects your dexterity (+2).
   rC:        It protects you from cold.
   rCorr:     It protects you from acid and corrosion.
Missiles
 z - a throwing net
Armour
 a - +0 steam dragon scales (worn)
 h - a +0 cloak (worn)
 y - a +0 pair of boots of stealth (worn)
Jewellery
 c - an amulet of reflection
 j - a ring of protection from cold
 n - an amulet of regeneration (around neck)
 o - a ring of fire
 r - a ring of protection from fire (right hand)
 L - a ring of magical power (left hand)
 O - a ring of see invisible
Wands
 x - a wand of iceblast (1)
 F - a wand of digging (6)
 H - a wand of charming (3)
 K - a wand of flame (13)
Scrolls
 f - 5 scrolls of teleportation
 s - 2 scrolls of magic mapping
 t - a scroll of silence
 u - 2 scrolls of poison
 B - a scroll of torment {unknown}
 E - a scroll of acquirement {unknown}
 G - 2 scrolls of fog {unknown}
 I - a scroll of enchant armour {unknown}
 J - 5 scrolls of identify
 N - a scroll of blinking {unknown}
Potions
 b - 2 potions of magic
 d - 4 potions of ambrosia
 e - 2 potions of might
 i - 4 potions of lignification {unknown}
 l - 2 potions of mutation {unknown}
 m - a potion of attraction {unknown}
 p - 4 potions of flight {unknown}
 v - 7 potions of haste
 w - 2 potions of resistance
 A - a potion of brilliance {unknown}
 C - a potion of invisibility {unknown}
 D - a potion of curing
 M - 2 potions of degeneration {unknown}
 P - a potion of berserk rage {unknown}
 Q - a potion of experience {unknown}


   Skills:
 - Level 1.7 Dodging
 - Level 1.7 Stealth
 + Level 11.9 Spellcasting
 + Level 13.3 Conjurations


You had 18 spell levels left.
You knew the following spells:

 Your Spells              Type           Power      Damage    Failure   Level
a - Magic Dart            Conj           100%       1d8       0%          1
b - Searing Ray           Conj           100%       2d8       0%          2
c - Iskenderun's Mystic   Conj/Tloc      58%        2d12      1%          4
d - Stone Arrow           Conj/Erth      100%       3d13      1%          3
f - Freezing Cloud        Conj/Ice/Air   23%        6-21      11%         5

Your spell library contained the following spells:

 Spells                   Type           Power      Damage    Failure   Level
 Dazzling Flash           Conj/Hex       100%       N/A       1%          3
 Fulminant Prism          Conj/Hex       29%        3d14      1%          4
 Sandblast                Erth           38%        2d10      2%          1
 Summon Small Mammal      Summ           76%        N/A       2%          1
 Cigotuvi's Dreadful Rot  Necr/Pois/Air  38%        N/A       3%          2
 Ensorcelled Hibernation  Hex/Ice        38%        N/A       3%          2
 Passwall                 Tmut/Erth      15%        N/A       3%          2
 Sublimation of Blood     Necr           19%        N/A       3%          2
 Irradiate                Conj/Tmut      29%        3d21      4%          5
 Call Canine Familiar     Summ           19%        N/A       8%          3
 Ignite Poison            Fire/Tmut/Pois 19%        N/A       8%          3
 Inner Flame              Hex/Fire       19%        N/A       8%          3
 Portal Projectile        Hex/Tloc       38%        N/A       8%          3
 Summon Guardian Golem    Hex/Summ       19%        N/A       8%          3
 Swiftness                Air            19%        N/A       8%          3
 Tukima's Dance           Hex            19%        N/A       8%          3
 Petrify                  Tmut/Erth      19%        N/A       26%         4
 Blade Hands              Tmut           9%         N/A       56%         5
 Yara's Violent Unravell  Hex/Tmut       9%         3d6       56%         5
 Enfeeble                 Hex            9%         N/A       100%        7


Dungeon Overview and Level Annotations

Branches:
Dungeon (11/15)            Temple (0/1) D:6            Lair (2/5) D:11
  Swamp (0/4) Lair:2
  Snake: Lair:2-3    Spider: Lair:2-3       Orc: D:9-12

Shops:
D:1 =   D:2 =   D:4 [   D:7 *


Innate Abilities, Weirdness & Mutations

You have an increased reservoir of magic. (+10% MP)
You shall have no god before yourself.
Your divine heritage dramatically boosts your attributes as you level up.


Message History

* * * LOW HITPOINT WARNING * * *
The skyshark closely misses you.
Unknown command.
You can't see any enemies this would affect, really read the scroll of fear?
Okay, then.
You feel much better. The skyshark completely misses you.
The skyshark barely misses you. The skyshark tail-slaps you!
* * * LOW HITPOINT WARNING * * *
Unknown command.
Casting: Iskenderun's Mystic Blast (dangerous; 1% risk of failure)
Confirm with . or Enter, or press ? or * to list all spells.
You erupt in a blast of force!
The mystic blast hits the skyshark!!
The skyshark is moderately wounded.
The skyshark is knocked back by the mystic blast.
The skyshark closely misses you. The skyshark tail-slaps you.
* * * LOW HITPOINT WARNING * * *
The skyshark barely misses you.
Unknown command.
As you read the scroll of fear, it crumbles to dust.
You assume a fearsome visage.
The basilisk looks frightened!
The skyshark is unaffected.
The skyshark misses you. The skyshark tail-slaps you.
* * * LOW HITPOINT WARNING * * *
The skyshark tail-slaps you.
* * * LOW HITPOINT WARNING * * *
Unknown command.
Unknown command.
Magic courses through your body. The skyshark barely misses you.
The skyshark misses you. The skyshark tail-slaps you!
* * * LOW HITPOINT WARNING * * *
The skyshark barely misses you. x2
The skyshark tail-slaps you but does no damage.
Unknown command.
Unknown command.
Casting: Iskenderun's Mystic Blast (dangerous; 1% risk of failure)
Confirm with . or Enter, or press ? or * to list all spells.
You erupt in a blast of force!
The mystic blast hits the skyshark.
The skyshark is moderately wounded.
The skyshark barely misses you. x2; The skyshark tail-slaps you!
You die...

...............
............
.....l......#....#
............ ........##
.#...# ###..†.†...
###...l..# #....##
#.#..†.##.. ##.....##
#.....# #.....P####
###....###.....###....(.#
#...)†.##.....##.....###
#####..##........÷.P##
#....l@.......###
#............##
###....)....##
#...[.....# ##.........#
#.........##
##..........#
#.#.........##
###..........####


You could see a skyshark (berserk).

Vanquished Creatures
  A hydra (Lair:2)
  2 two-headed ogres
  A skyshark (Lair:2)
  A bog body (Lair:2)
  Pikel (D:8)
  An ugly thing (D:11)
  A black mamba (Lair:1)
  Joseph (D:8)
  Psyche (D:11)
  2 trolls
  A hornet (D:8)
  3 blink frogs (Lair:2)
  A water elemental (D:11)
  Eustachio (D:4)
  A wyvern (D:9)
  27 yaks
  4 steam dragons
  3 vampire mosquitoes (D:11)
  2 acid dragons
  5 water moccasins
  Duvessa (D:6)
  An orc warrior (D:9)
  2 sky beasts
  2 black bears (D:5)
  3 ice beasts
  2 ogres
  3 centaurs
  8 wolves (Lair:1)
  2 lemures (D:8)
  6 bullfrogs
  3 scorpions
  Dowan (D:6)
  4 wights (D:6)
  5 killer bees (D:7)
  2 electric eels (D:11)
  4 howler monkeys
  2 gnoll boudas
  2 orc priests
  Crazy Yiuf (D:4)
  3 hounds
  6 orc wizards
  8 iguanas
  A sleepcap (D:3)
  19 gnolls
  7 adders
  An ufetubus (D:3)
  11 dart slugs
  20 orcs
  4 endoplasms
  8 giant cockroaches
  12 goblins
  13 hobgoblins
  5 jackals (D:1)
  8 quokkas
  10 ball pythons
  4 bats
  2 frilled lizards (D:1)
  6 kobolds
  5 rats
267 creatures vanquished.

Notes
Turn   | Place    | Note
-------+----------+-------------------------------------------
     0 | D:1      | McKennaii the Demigod Conjurer began the quest for the Orb.
     0 | D:1      | Reached XP level 1. HP: 14/14 MP: 5/5
   215 | D:1      | Found Ofikatua's Jewellery Boutique.
   412 | D:1      | Reached XP level 2. HP: 20/20 MP: 3/7
   535 | D:1      | Reached skill level 4 in Conjurations
   896 | D:1      | Learned a level 2 spell: Searing Ray
  1014 | D:1      | Reached XP level 3. HP: 26/26 MP: 1/9
  1901 | D:2      | Found Eguinnab's One-of-a-Kind Rings.
  2700 | D:2      | Reached XP level 4. HP: 16/33 MP: 2/11
  3601 | D:3      | Reached XP level 5. HP: 38/38 MP: 2/13
  3825 | D:3      | Reached skill level 5 in Conjurations
  3909 | D:3      | Identified the +5 long sword "Gusajaer" {elec, rC+ rCorr
                  | Dex+2}
  4091 | D:3      | Learned a level 4 spell: Iskenderun's Mystic Blast
  4531 | D:4      | Found Urrimpor's Antique Armour Boutique.
  4702 | D:4      | Found a runed translucent door.
  4703 | D:4      | Noticed Crazy Yiuf
  4772 | D:4      | Reached XP level 6. HP: 44/45 MP: 8/15
  4778 | D:4      | Learned a level 5 spell: Freezing Cloud
  4918 | D:4      | Noticed Eustachio
  4928 | D:4      | Killed Eustachio
  5026 | D:4      | Reached skill level 6 in Conjurations
  5554 | D:5      | Entered Level 5 of the Dungeon
  5653 | D:5      | Reached skill level 5 in Spellcasting
  5653 | D:5      | Reached XP level 7. HP: 39/50 MP: 7/18
  5858 | D:5      | Found a transporter.
  5878 | D:5      | You fall into a shaft and drop 1 floor!
  6261 | D:5      | Reached skill level 7 in Conjurations
  6601 | D:5      | Found a transporter.
  6655 | D:5      | Reached XP level 8. HP: 53/57 MP: 14/20
  6857 | D:6      | Noticed Dowan
  6858 | D:6      | Noticed Duvessa
  6944 | D:4      | Bought a smoking scale mail for 144 gold pieces
  6944 | D:4      | Identified the +0 scale mail of the Stone Wall {Dex+5} (You
                  | bought it in a shop on level 4 of the Dungeon)
  6944 | D:4      | Bought a pair of embroidered boots for 120 gold pieces
  7277 | D:6      | Reached skill level 8 in Conjurations
  8019 | D:7      | Learned a level 3 spell: Stone Arrow
  8063 | D:7      | Reached XP level 9. HP: 49/62 MP: 1/24
  8374 | D:7      | Reached skill level 9 in Conjurations
  8570 | D:7      | Found Ruofrut's Assorted Antiques.
  8574 | D:7      | Bought a white potion for 28 gold pieces
  8690 | D:7      | Identified the +4 dagger "Jec Qip" {pain, rC+ Will- Int+3}
  8949 | D:6      | Found a staircase to the Ecumenical Temple.
  9073 | D:6      | Killed Duvessa
  9195 | D:6      | Killed Dowan
  9579 | D:4      | Killed Crazy Yiuf
  9751 | D:8      | Paralysed by a hornet for 2 turns
 10058 | D:8      | Noticed Pikel
 10073 | D:8      | Killed Pikel
 10074 | D:8      | Reached skill level 10 in Conjurations
 10330 | D:8      | Reached XP level 10. HP: 59/69 MP: 14/27
 10605 | D:8      | Noticed a two-headed ogre
 10617 | D:8      | Killed a two-headed ogre
 10979 | D:8      | Noticed Joseph
 10989 | D:8      | Killed Joseph
 10990 | D:8      | Reached skill level 11 in Conjurations
 11207 | D:9      | Reached skill level 10 in Spellcasting
 12512 | D:10     | Entered Level 10 of the Dungeon
 12573 | D:10     | Noticed a two-headed ogre
 12588 | D:10     | Killed a two-headed ogre
 12589 | D:10     | Reached skill level 12 in Conjurations
 12755 | D:10     | Reached XP level 11. HP: 74/74 MP: 25/30
 14281 | D:11     | Found a staircase to the Lair.
 14651 | D:11     | Noticed Psyche
 14657 | D:11     | Killed Psyche
 14711 | D:11     | Noticed a two-headed ogre
 14711 | D:11     | Noticed a boulder beetle
 14837 | Lair:1   | Entered Level 1 of the Lair of Beasts
 15657 | Lair:2   | Noticed a six-headed hydra
 15673 | Lair:2   | Killed a six-headed hydra
 15674 | Lair:2   | Reached skill level 13 in Conjurations
 15762 | Lair:2   | Found a staircase to the Swamp.
 15763 | Lair:2   | Noticed a bog body
 15777 | Lair:2   | Killed a bog body
 15999 | Lair:2   | Noticed a skyshark
 16008 | Lair:2   | Noticed a skyshark
 16023 | Lair:2   | Killed a skyshark
 16040 | Lair:2   | Slain by a skyshark

Illustrated notes

Levels and vault maps discovered:
D:1:      dpeg_arrival_snail, layout_loops_ring,
          shapermc_ecumenical_altar_acropolis, serial_shops, shop,
          minmay_box_of_dots
D:2:      kennysheep_the_goblin_king, layout_loops_cross,
          nicolae_shop_unique_rings, dk_vineyard_3
D:3:      kennysheep_slugbush, layout_loops_corners,
          nicolae_overflow_hidden_temple, st_stairs_4, uniq_robin
D:4:      layout_loops_ring, amcnicky_altar_gilded,
          mainiacjoe_overflow_boulevard, serial_shops, nicolae_shop_trees,
          serial_aquarium, aquarium_bridge_straight [aquarium_subvault_bridge,
          aquarium_subvault_wall, aquarium_subvault_bridge,
          aquarium_subvault_window], aquarium_window_3, aquarium_window_fake,
          aquarium_window_1, aquarium_view_2c, uniq_crazy_yiuf_cottage,
          uniq_eustachio
D:5:      gammafunk_cloud_chamber, layout_basic, grunt_gozag_statues,
          grunt_ministairs_1
D:6:      layout_cave_pools, minmay_temple_entry_statues_fountains, uniq_duvessa
D:7:      layout_loops_cross, lemuel_round_altar, serial_shops, shop
D:8:      layout_basic, mainiacjoe_overflow_cross_hatched, st_stairs_14,
          uniq_joseph, uniq_pikel
D:9:      layout_irregular_city, bloody_makhleb
D:10:     layout_basic, hangedman_abyss_or_decor_lesser_grid
D:11:     layout_loops_ring, lair_entry_dummy, erik_orc_2, uniq_psyche
Lair:1:   layout_misc_corridors
Lair:2:   layout_hall_layers, skrybe_swamp_entry_bodies, special_room
          [special_room_bee], chequers_serial_rivers_room_b, grunt_megastairs_3

Skill      XL: |  1  2  3  4  5  6  7  8  9 10 11 |
---------------+----------------------------------+-----
Spellcasting   | 2 3 4 5 6 7 9 10 11 | 11.9
Conjurations   | 4 5 6 7 8 10 12 13 | 13.3
Dodging        | |  1.7
Stealth        | |  1.7

Action                     |  1- 3 |  4- 6 |  7- 9 | 10-12 || total
---------------------------+-------+-------+-------+-------++-------
  Melee: Unarmed           |    36 |       |       |       ||    36
         Long sword        |       |     6 |     1 |    20 ||    27
   Cast: Magic Dart        |   113 |   123 |    83 |   158 ||   477
         Searing Ray       |       |    14 |    60 |    36 ||   110
         Stone Arrow       |       |       |     6 |    20 ||    26
         Iskenderun's Myst |       |       |    11 |    60 ||    71
    Use: Scroll            |       |       |     9 |     6 ||    15
         Potion            |       |       |       |     2 ||     2
 Armour: Robe              |    44 |     8 |     7 |       ||    59
         Skin              |       |       |     2 |       ||     2
         Steam dragon scal |       |       |       |    28 ||    28
  Dodge: Dodged            |   104 |    35 |    46 |    96 ||   281
